[Event "EYCC Open-U18 2019"]
[Site "Bratislava"]
[Date "2019.08.10"]
[Round "9.1"]
[White "Nguyen, Thai Dai Van"]
[Black "Kaasen, Tor Fredrik"]
[Result "1-0"]
[ECO "D86"]
[WhiteElo "2535"]
[BlackElo "2376"]
[Annotator "ChessBase"]
[PlyCount "79"]
[EventDate "2019.08.02"]
[EventType "swiss"]
[EventCountry "SVK"]
[SourceTitle "playchess.com"]
[Source "ChessBase"]
[SourceQuality "1"]
[TimeControl "40/5400+30:1800+30"]

1. d4 Nf6 2. c4 g6 3. Nc3 d5 4. cxd5 Nxd5 5. e4 Nxc3 6. bxc3 Bg7 7. Bc4 c5 8. Ne2 Nc6 9. Be3 O-O 10. O-O b6 11. Rc1 Bb7 12. Qd2 cxd4 13. cxd4 Rc8 14. f3 Qd7 15. Bb5 Qd6 16. d5 Na5 17. Nd4 Rfd8 18. Be2 a6 19. Rfd1 Qa3 20. Bd3 b5 21. Ne2 Nc4 22. Bxc4 bxc4 23. Bd4 Bxd4+ 24. Qxd4 Qc5 25. Qxc5 Rxc5 26. Rb1 Rd7 27. Nc3 Ra5 28. a4 f6 29. Kf2 Kf7 30. Rb6 Rc5 31. Rdb1 Bc8 32. Ke3 Rdc7 33. f4 Ke8 34. Kd4 Kf7 35. e5 fxe5+ 36. fxe5 Ke8 37. Rb8 Kf7 38. Rf1+ Kg7 39. e6 g5 40. Ke4 1-0

[Event "EYCC Open-U18 2019"]
[Site "Bratislava"]
[Date "2019.08.10"]
[Round "9.2"]
[White "Engel, Luis"]
[Black "Salemgareev, Tagir"]
[Result "0-1"]
[ECO "B04"]
[WhiteElo "2509"]
[BlackElo "2412"]
[Annotator "ChessBase"]
[PlyCount "154"]
[EventDate "2019.08.02"]
[EventType "swiss"]
[EventCountry "SVK"]
[SourceTitle "playchess.com"]
[Source "ChessBase"]
[SourceQuality "1"]
[TimeControl "40/5400+30:1800+30"]

1. e4 Nf6 2. e5 Nd5 3. d4 d6 4. Nf3 dxe5 5. Nxe5 c6 6. Be2 Bf5 7. O-O Nd7 8. Nf3 e6 9. c4 N5f6 10. Bf4 Be7 11. h3 O-O 12. Re1 Qb6 13. b3 c5 14. Nc3 cxd4 15. Nxd4 Bb4 16. Na4 Qd8 17. Bd2 Bxd2 18. Qxd2 Bg6 19. Rad1 a6 20. Bg4 Qc7 21. Bxe6 fxe6 22. Nxe6 Qc6 23. Nxf8 Rxf8 24. Nc3 Re8 25. Rxe8+ Bxe8 26. Qe3 Qc5 27. Qf3 Qe5 28. Nd5 Nxd5 29. Rxd5 Qe7 30. Qf4 Nf6 31. Re5 Qd6 32. c5 Qd8 33. Re6 Bc6 34. f3 h6 35. Kh2 Qa5 36. Qb8+ Kh7 37. Qe5 Kg8 38. Re7 Qd2 39. Qe6+ Kh8 40. Qc8+ Kh7 41. Qf5+ Kg8 42. h4 Qd4 43. Kg3 Kf8 44. Re5 Kg8 45. Qe6+ Kh7 46. Qd6 Qc3 47. Qe7 Qc2 48. Re2 Qg6+ 49. Kh2 Qh5 50. Kg1 Qxh4 51. Qe5 Qg5 52. Qxg5 hxg5 53. Kf2 g4 54. Kg3 gxf3 55. gxf3 Kg6 56. Kf4 Nh5+ 57. Ke3 Kf5 58. Rh2 Nf6 59. Rh8 Nd5+ 60. Kd4 Nf6 61. Ke3 g5 62. Rf8 Ke5 63. Rf7 Nd5+ 64. Kf2 Kd4 65. Kg3 Nf4 66. Kg4 Nd3 67. Kxg5 Ne5 68. Rf4+ Kc3 69. Kf6 Nxf3 70. Ke7 Kb2 71. Kd6 Kxa2 72. Rb4 Ka3 73. Rb6 Nd4 74. Kc7 Nxb3 75. Rxa6+ bxa6 76. Kxc6 Kb4 77. Kb6 Nxc5 0-1

[Event "EYCC Open-U18 2019"]
[Site "Bratislava"]
[Date "2019.08.10"]
[Round "9.3"]
[White "Gumularz, Szymon"]
[Black "Murzin, Volodar"]
[Result "1/2-1/2"]
[ECO "B12"]
[WhiteElo "2502"]
[BlackElo "2429"]
[Annotator "ChessBase"]
[PlyCount "143"]
[EventDate "2019.08.02"]
[EventType "swiss"]
[EventCountry "SVK"]
[SourceTitle "playchess.com"]
[Source "ChessBase"]
[SourceQuality "1"]
[TimeControl "40/5400+30:1800+30"]

1. e4 c6 2. d4 d5 3. e5 Bf5 4. Nf3 e6 5. Be2 Ne7 6. O-O c5 7. Be3 Nec6 8. dxc5 Nd7 9. c4 dxc4 10. Na3 Bxc5 11. Bxc5 Nxc5 12. Nxc4 O-O 13. Qc1 Nd3 14. Qe3 Qd5 15. Nd6 Ndxe5 16. Rfd1 Nxf3+ 17. Bxf3 Qe5 18. Nxb7 Qxe3 19. fxe3 Ne5 20. Rac1 Rab8 21. Rc7 Rfc8 22. Rdc1 Rxc7 23. Rxc7 g5 24. b3 g4 25. Be2 Be4 26. Nd6 Bb1 27. Rxa7 Rd8 28. Nc4 Nxc4 29. bxc4 Rd2 30. Bxg4 Bxa2 31. Bh5 Bxc4 32. Bxf7+ Kf8 33. Bh5 Kg8 34. Bf3 h6 35. h4 Rb2 36. Kh2 Rb3 37. Rc7 Rb4 38. Kg3 Bd3 39. Rd7 Bg6 40. Re7 Bf5 41. Rd7 Bg6 42. Bg4 Bf7 43. Ra7 Kf8 44. Bf3 Rc4 45. e4 Rc5 46. Kf4 Bg6 47. Rd7 Ra5 48. Rc7 Rb5 49. Ke3 Bf7 50. Kd4 e5+ 51. Ke3 Ra5 52. Kd3 Rb5 53. Kc3 Rb3+ 54. Kc2 Rb5 55. Be2 Rb4 56. Kd3 Rb5 57. Ke3 Ra5 58. Bc4 Ra3+ 59. Kf2 Bg6 60. Bd5 Ra4 61. Kf3 Ra3+ 62. Kf2 Ra4 63. Kf3 Ra3+ 64. Kg4 Ra4 65. h5 Bxe4 66. Bxe4 Rxe4+ 67. Kf5 Rf4+ 68. Kxe5 Rg4 69. Kf6 Kg8 70. Rc8+ Kh7 71. Rc7+ Kg8 72. Rc8+ 1/2-1/2

[Event "EYCC Open-U18 2019"]
[Site "Bratislava"]
[Date "2019.08.10"]
[Round "9.4"]
[White "Erenberg, Ariel"]
[Black "Bronstein, Or"]
[Result "1/2-1/2"]
[ECO "A05"]
[WhiteElo "2442"]
[BlackElo "2378"]
[Annotator "NA"]
[PlyCount "58"]
[EventDate "2019.08.02"]
[EventType "swiss"]
[EventCountry "SVK"]
[SourceTitle "playchess.com"]
[Source "ChessBase"]
[SourceQuality "1"]
[TimeControl "40/5400+30:1800+30"]

1. Nf3 Nf6 2. e3 g6 3. b4 Bg7 4. Bb2 O-O 5. Be2 d6 6. O-O e5 7. d3 Nbd7 8. c4 Qe7 9. Nbd2 Re8 10. Qc2 c5 11. b5 b6 12. a4 a5 13. bxa6 Rxa6 14. Nb3 Bb7 15. a5 e4 16. dxe4 Nxe4 17. Bxg7 Kxg7 18. axb6 Rxb6 19. Nbd2 Qf6 20. Nxe4 Bxe4 21. Qd1 Reb8 22. Nd2 Bc6 23. Bf3 Bxf3 24. Nxf3 Ne5 25. Nxe5 Qxe5 26. h3 Rb4 27. Ra6 R8b6 28. Rxb6 Rxb6 29. Qd3 Ra6 1/2-1/2

[Event "EYCC Open-U18 2019"]
[Site "Bratislava"]
[Date "2019.08.10"]
[Round "9.5"]
[White "Zarubitski, Viachaslau"]
[Black "Vrolijk, Liam"]
[Result "0-1"]
[ECO "C50"]
[WhiteElo "2424"]
[BlackElo "2478"]
[Annotator "ChessBase"]
[PlyCount "50"]
[EventDate "2019.08.02"]
[EventType "swiss"]
[EventCountry "SVK"]
[SourceTitle "playchess.com"]
[Source "ChessBase"]
[SourceQuality "1"]
[TimeControl "40/5400+30:1800+30"]

1. e4 e5 2. Nf3 Nc6 3. Bc4 Bc5 4. d3 Nf6 5. O-O O-O 6. Re1 d6 7. c3 a6 8. Bb3 Ba7 9. Nbd2 Ng4 10. Re2 Kh8 11. h3 f5 12. hxg4 fxg4 13. Nh2 Qh4 14. d4 exd4 15. g3 Qh3 16. Ndf1 Bd7 17. a4 Rae8 18. Bd5 Ne5 19. cxd4 Nf3+ 20. Kh1 Bxd4 21. Bf4 Rf6 22. Ra3 Re5 23. Re1 Rxf4 24. gxf4 Rh5 25. Rxf3 gxf3 0-1

[Event "EYCC Open-U18 2019"]
[Site "Bratislava"]
[Date "2019.08.10"]
[Round "9.7"]
[White "Travadon, Loic"]
[Black "Gaifullin, Artur"]
[Result "1/2-1/2"]
[ECO "A05"]
[WhiteElo "2403"]
[BlackElo "2453"]
[Annotator "ChessBase"]
[PlyCount "113"]
[EventDate "2019.08.02"]
[EventType "swiss"]
[EventCountry "SVK"]
[SourceTitle "playchess.com"]
[Source "ChessBase"]
[SourceQuality "1"]
[TimeControl "40/5400+30:1800+30"]

1. Nf3 Nf6 2. c4 e6 3. Nc3 d5 4. e3 Be7 5. b3 O-O 6. Bb2 dxc4 7. Bxc4 c5 8. O-O Nc6 9. d4 cxd4 10. Nxd4 Nxd4 11. exd4 Qa5 12. Qf3 Rd8 13. Rad1 Rb8 14. a4 b6 15. Rfe1 Bb7 16. Qh3 Nd5 17. Nxd5 Bxd5 18. Bc3 Bb4 19. Bxb4 Qxb4 20. Bxd5 exd5 21. Qe3 Kf8 22. Qd3 g6 23. Qb5 Qxb5 24. axb5 Rbc8 25. Rc1 Kg7 26. g3 Re8 27. Ra1 Rxe1+ 28. Rxe1 Rc3 29. Re5 Rxb3 30. Rxd5 Kf6 31. Rd7 Ra3 32. Kg2 Ra4 33. d5 Ra5 34. d6 Ke6 35. Re7+ Kxd6 36. Rxf7 Kc5 37. Rxh7 Kxb5 38. Rg7 Ka4 39. Rxg6 b5 40. Rg7 b4 41. Rb7 b3 42. h4 a6 43. Rb6 Ka3 44. h5 Rxh5 45. Rxa6+ Kb4 46. Ra1 b2 47. Rb1 Kc3 48. f4 Ra5 49. g4 Ra1 50. Rxb2 Kxb2 51. Kf3 Kc3 52. Ke4 Ra4+ 53. Ke5 Ra5+ 54. Kf6 Kd4 55. g5 Ke4 56. g6 Ra6+ 57. Kg5 1/2-1/2

[Event "EYCC Open-U18 2019"]
[Site "Bratislava"]
[Date "2019.08.10"]
[Round "9.9"]
[White "Pantzar, Milton"]
[Black "Hakobyan, Aram"]
[Result "1/2-1/2"]
[ECO "E70"]
[WhiteElo "2357"]
[BlackElo "2568"]
[Annotator "ChessBase"]
[PlyCount "56"]
[EventDate "2019.08.02"]
[EventType "swiss"]
[EventCountry "SVK"]
[SourceTitle "playchess.com"]
[Source "ChessBase"]
[SourceQuality "1"]
[TimeControl "40/5400+30:1800+30"]

1. d4 g6 2. c4 Bg7 3. e4 d6 4. Nc3 Nf6 5. Nge2 O-O 6. Ng3 c5 7. d5 e6 8. Be2 exd5 9. cxd5 Nbd7 10. O-O a6 11. a4 Re8 12. Bg5 h6 13. Be3 h5 14. Bg5 Rb8 15. Qd2 Qa5 16. f4 Qb4 17. Kh1 Nh7 18. Bh4 c4 19. e5 Nc5 20. Rad1 dxe5 21. f5 Nd3 22. fxg6 fxg6 23. Bxd3 cxd3 24. Qxd3 Qg4 25. d6 Bd7 26. Nd5 Re6 27. Qe4 g5 28. Qg6 Rxg6 1/2-1/2

[Event "EYCC Open-U18 2019"]
[Site "Bratislava"]
[Date "2019.08.10"]
[Round "9.10"]
[White "Guerra Rivera, Salvador"]
[Black "Petriashvili, Nikoloz"]
[Result "1/2-1/2"]
[ECO "C60"]
[WhiteElo "2355"]
[BlackElo "2451"]
[Annotator "ChessBase"]
[PlyCount "95"]
[EventDate "2019.08.02"]
[EventType "swiss"]
[EventCountry "SVK"]
[SourceTitle "playchess.com"]
[Source "ChessBase"]
[SourceQuality "1"]
[TimeControl "40/5400+30:1800+30"]

1. e4 e5 2. Nf3 Nc6 3. Bb5 g6 4. d4 exd4 5. Bg5 Be7 6. Bxe7 Qxe7 7. Bxc6 dxc6 8. Qxd4 Nf6 9. Nc3 Bg4 10. O-O-O Bxf3 11. gxf3 O-O 12. Qe3 Nh5 13. Ne2 Rfd8 14. Ng3 Qe5 15. Nxh5 Qxh5 16. Qf4 Rd6 17. h4 Re8 18. Rhg1 Qe5 19. Qxe5 Rxe5 20. Rg5 f5 21. Rdg1 Kf7 22. h5 c5 23. hxg6+ hxg6 24. Rh1 Kf6 25. Rhg1 Kf7 26. Rh1 Kg7 27. Rh4 Rde6 28. exf5 Rxf5 29. Rxf5 gxf5 30. Kd2 Kg6 31. f4 Re4 32. b3 c4 33. f3 Rd4+ 34. Kc3 c5 35. bxc4 Rd1 36. Kb2 b6 37. a3 Rd4 38. Kc3 a6 39. a4 a5 40. Kb3 Rd1 41. Kb2 Rd4 42. Kc3 Rd1 43. Kb2 Rd8 44. Kc3 Rd1 45. Kb2 Rf1 46. Rh3 Rf2 47. Rg3+ Kf6 48. Rh3 {[%emt 0:00:03] Ke5} 1/2-1/2

[Event "EYCC Open-U18 2019"]
[Site "Bratislava"]
[Date "2019.08.10"]
[Round "9.11"]
[White "Mitsis, Georgios"]
[Black "Chatzieleftheriou, Andreas"]
[Result "1/2-1/2"]
[ECO "D02"]
[WhiteElo "2399"]
[BlackElo "2208"]
[Annotator "NA"]
[PlyCount "76"]
[EventDate "2019.08.02"]
[EventType "swiss"]
[EventCountry "SVK"]
[SourceTitle "playchess.com"]
[Source "ChessBase"]
[SourceQuality "1"]
[TimeControl "40/5400+30:1800+30"]

1. d4 d5 2. Nf3 e6 3. g3 Nf6 4. c4 a6 5. Bg2 dxc4 6. O-O b5 7. Ne5 c6 8. Bg5 Bb7 9. Nc3 Qb6 10. e4 Nbd7 11. Be3 Qc7 12. Nxd7 Qxd7 13. Qe2 Be7 14. Rad1 O-O 15. f4 c5 16. dxc5 Qc7 17. e5 Bxg2 18. Kxg2 Nd7 19. Ne4 Nxc5 20. Bxc5 Bxc5 21. h4 Rad8 22. h5 Be7 23. h6 g6 24. g4 Rxd1 25. Rxd1 Rd8 26. Kg3 Kf8 27. g5 Rxd1 28. Qxd1 Qc6 29. Qd4 Ke8 30. Nf6+ Bxf6 31. gxf6 Qc7 32. Qe4 Qc8 33. Qe3 Qc7 34. Qf3 Qc8 35. Qa3 Qd7 36. Qxa6 Qd3+ 37. Kf2 Qd2+ 38. Kf3 Qd3+ 1/2-1/2

[Event "EYCC Open-U18 2019"]
[Site "Bratislava"]
[Date "2019.08.10"]
[Round "9.13"]
[White "Levitskiy, Andrey"]
[Black "Gatineau, Yovann"]
[Result "1/2-1/2"]
[ECO "C58"]
[WhiteElo "2280"]
[BlackElo "2364"]
[Annotator "NA"]
[PlyCount "21"]
[EventDate "2019.08.02"]
[EventType "swiss"]
[EventCountry "SVK"]
[SourceTitle "playchess.com"]
[Source "ChessBase"]
[SourceQuality "1"]
[TimeControl "40/5400+30:1800+30"]

1. e4 e5 2. Nf3 Nc6 3. Bc4 Nf6 4. Ng5 d5 5. exd5 Na5 6. Bb5+ Bd7 7. Qe2 Be7 8. Nc3 O-O 9. Bxd7 Qxd7 10. O-O Rfe8 11. d3 1/2-1/2

[Event "EYCC Open-U18 2019"]
[Site "Bratislava"]
[Date "2019.08.10"]
[Round "9.14"]
[White "Baenziger, Fabian"]
[Black "Anghelus, Alin-Gabriel"]
[Result "1/2-1/2"]
[ECO "D31"]
[WhiteElo "2352"]
[BlackElo "2107"]
[Annotator "NA"]
[PlyCount "116"]
[EventDate "2019.08.02"]
[EventType "swiss"]
[EventCountry "SVK"]
[SourceTitle "playchess.com"]
[Source "ChessBase"]
[SourceQuality "1"]
[TimeControl "40/5400+30:1800+30"]

1. d4 d5 2. c4 e6 3. Nc3 a6 4. cxd5 exd5 5. Qb3 Nc6 6. Nf3 Nge7 7. Bf4 Na5 8. Qa4+ c6 9. e3 b5 10. Qd1 Bf5 11. Bd3 Nc4 12. Bxf5 Nxf5 13. Qc2 Nh4 14. Nxh4 Qxh4 15. O-O Bd6 16. b3 Bxf4 17. exf4 Nb6 18. Nxd5 cxd5 19. Qc6+ Kf8 20. Qxb6 h5 21. Rac1 Rh6 22. Qb7 Rd8 23. g3 Qf6 24. Rc8 Kg8 25. Rfc1 Rxc8 26. Rxc8+ Kh7 27. Qxd5 Qe6 28. Qxe6 Rxe6 29. Rc5 Re1+ 30. Kg2 g6 31. a4 Rd1 32. axb5 axb5 33. Rxb5 Rxd4 34. h4 Rd2 35. f5 Kg7 36. fxg6 fxg6 37. Rb7+ Kf6 38. b4 Rb2 39. b5 Rb3 40. b6 Ke6 41. Rb8 Kf7 42. Kf1 Rb2 43. Ke1 Kg7 44. b7 Kh7 45. Kd1 Kg7 46. Kc1 Rb6 47. Kc2 Rb5 48. f4 Rb6 49. Kc3 Rb1 50. f5 gxf5 51. Kd4 Rb2 52. Ke5 Rb1 53. Kd6 Rd1+ 54. Ke6 Re1+ 55. Kd6 Rd1+ 56. Ke5 Rb1 57. Kf4 Rb5 58. Kg5 f4+ 1/2-1/2

[Event "EYCC Open-U18 2019"]
[Site "Bratislava"]
[Date "2019.08.10"]
[Round "9.16"]
[White "Heimisson, Hilmir Freyr"]
[Black "Van Foreest, Lucas"]
[Result "0-1"]
[ECO "E32"]
[WhiteElo "2279"]
[BlackElo "2521"]
[Annotator "ChessBase"]
[PlyCount "72"]
[EventDate "2019.08.02"]
[EventType "swiss"]
[EventCountry "SVK"]
[SourceTitle "playchess.com"]
[Source "ChessBase"]
[SourceQuality "1"]
[TimeControl "40/5400+30:1800+30"]

1. d4 Nf6 2. c4 e6 3. Nc3 Bb4 4. Qc2 O-O 5. Nf3 d6 6. e3 b6 7. Bd3 Bb7 8. e4 h6 9. O-O Bxc3 10. bxc3 Nc6 11. e5 dxe5 12. dxe5 Nd7 13. Ba3 Ne7 14. Rad1 c5 15. Rfe1 Qc7 16. Qe2 Bxf3 17. Qxf3 Nxe5 18. Qg3 f6 19. Bc1 Nf5 20. Bxf5 exf5 21. Bxh6 Qf7 22. Bf4 Nxc4 23. h4 Rfe8 24. Qh3 Nb2 25. Rb1 Rxe1+ 26. Rxe1 Qd7 27. h5 Nd3 28. Rd1 Rd8 29. Qg3 c4 30. Qg6 Qf7 31. Qxf5 Rd5 32. Qc8+ Kh7 33. Be3 Qxh5 34. g4 Qh3 35. Qxc4 Nf4 36. Qe4+ f5 0-1

[Event "EYCC Open-U18 2019"]
[Site "Bratislava"]
[Date "2019.08.10"]
[Round "9.17"]
[White "Schoppen, Casper"]
[Black "Crevatin, Leo"]
[Result "1-0"]
[ECO "B33"]
[WhiteElo "2493"]
[BlackElo "2146"]
[Annotator "ChessBase"]
[PlyCount "65"]
[EventDate "2019.08.02"]
[EventType "swiss"]
[EventCountry "SVK"]
[SourceTitle "playchess.com"]
[Source "ChessBase"]
[SourceQuality "1"]
[TimeControl "40/5400+30:1800+30"]

1. e4 c5 2. Nf3 Nc6 3. d4 cxd4 4. Nxd4 Nf6 5. Nc3 e5 6. Ndb5 d6 7. Bg5 a6 8. Na3 b5 9. Bxf6 gxf6 10. Nd5 f5 11. Bd3 Be6 12. O-O Bxd5 13. exd5 Ne7 14. c3 Bg7 15. Re1 O-O 16. Bf1 Ng6 17. Nc2 Rb8 18. Nb4 Qb6 19. a4 e4 20. a5 Qb7 21. Qh5 Ne7 22. Rad1 Rbc8 23. g3 Qc7 24. Bh3 Qxa5 25. Ra1 Qc7 26. Rxa6 Bxc3 27. bxc3 Qxc3 28. Qg5+ Ng6 29. Rb1 Rc4 30. Nc6 h6 31. Ne7+ Kh7 32. Qxf5 Qe5 33. Nxg6 1-0

[Event "EYCC Open-U18 2019"]
[Site "Bratislava"]
[Date "2019.08.10"]
[Round "9.18"]
[White "Boev, Viktor"]
[Black "Blohberger, Felix"]
[Result "1-0"]
[ECO "B51"]
[WhiteElo "2246"]
[BlackElo "2476"]
[Annotator "ChessBase"]
[PlyCount "61"]
[EventDate "2019.08.02"]
[EventType "swiss"]
[EventCountry "SVK"]
[SourceTitle "playchess.com"]
[Source "ChessBase"]
[SourceQuality "1"]
[TimeControl "40/5400+30:1800+30"]

1. e4 c5 2. Nf3 d6 3. Bb5+ Nc6 4. O-O Bd7 5. Re1 Nf6 6. h3 a6 7. Bc4 e6 8. c3 Be7 9. d4 cxd4 10. cxd4 Nxe4 11. Rxe4 d5 12. Rg4 dxc4 13. Rxg7 Bf6 14. Bg5 Kf8 15. Bxf6 Qxf6 16. Rg3 Rg8 17. Nc3 Rxg3 18. fxg3 Rd8 19. Qd2 Be8 20. Rd1 Ne7 21. Ne5 b5 22. Ne4 Qg7 23. Qb4 a5 24. Qc5 f5 25. Nd6 Qxg3 26. Nxe8 Rxe8 27. Qd6 Qg8 28. d5 Kg7 29. dxe6 Nc8 30. Qd7+ Re7 31. Nc6 1-0

[Event "EYCC Open-U18 2019"]
[Site "Bratislava"]
[Date "2019.08.10"]
[Round "9.19"]
[White "Kukas, Oliver"]
[Black "Ludvik, Tomas"]
[Result "1/2-1/2"]
[ECO "A45"]
[WhiteElo "2082"]
[BlackElo "2334"]
[Annotator "NA"]
[PlyCount "58"]
[EventDate "2019.08.02"]
[EventType "swiss"]
[EventCountry "SVK"]
[SourceTitle "playchess.com"]
[Source "ChessBase"]
[SourceQuality "1"]
[TimeControl "40/5400+30:1800+30"]

1. d4 Nf6 2. Bf4 b6 3. Nf3 Bb7 4. e3 g6 5. h4 Bg7 6. Nbd2 c5 7. Nc4 cxd4 8. exd4 d6 9. Be2 b5 10. Ne3 Qa5+ 11. c3 Nbd7 12. a4 bxa4 13. Nc4 Qc7 14. Qxa4 O-O 15. O-O Nb6 16. Nxb6 axb6 17. Qb3 Nd5 18. Bd2 e5 19. Bc4 Ne7 20. dxe5 dxe5 21. Ng5 Nc6 22. Rxa8 Bxa8 23. Be2 h6 24. Nf3 e4 25. Nh2 Na5 26. Qb4 Rb8 27. Be3 Bf8 28. Qd4 Bg7 29. Qb4 Bf8 1/2-1/2

[Event "EYCC Open-U18 2019"]
[Site "Bratislava"]
[Date "2019.08.10"]
[Round "9.20"]
[White "Garayev, Kanan"]
[Black "Godzwon, Iwo"]
[Result "1/2-1/2"]
[ECO "E20"]
[WhiteElo "2351"]
[BlackElo "2285"]
[Annotator "NA"]
[PlyCount "74"]
[EventDate "2019.08.02"]
[EventType "swiss"]
[EventCountry "SVK"]
[SourceTitle "playchess.com"]
[Source "ChessBase"]
[SourceQuality "1"]
[TimeControl "40/5400+30:1800+30"]

1. d4 Nf6 2. c4 e6 3. Nc3 Bb4 4. g3 c5 5. Nf3 Ne4 6. Bd2 Nxd2 7. Qxd2 cxd4 8. Nxd4 Nc6 9. Nc2 Be7 10. Bg2 O-O 11. O-O d6 12. Rfd1 Qb6 13. e3 Rd8 14. Rac1 Bd7 15. Nd4 a6 16. b3 Qa7 17. Nxc6 Bxc6 18. Qd4 Qxd4 19. Rxd4 Bf6 20. Rd2 Bxc3 21. Rxc3 Bxg2 22. Kxg2 Kf8 23. e4 Ke7 24. f4 f6 25. Kf3 Rac8 26. f5 exf5 27. exf5 Rc5 28. g4 b6 29. Rd5 Kd7 30. Kf4 Rxd5 31. cxd5 Rc8 32. Rxc8 Kxc8 33. h4 Kd7 34. g5 Ke7 35. Kg4 fxg5 36. hxg5 g6 37. fxg6 hxg6 1/2-1/2

[Event "EYCC Open-U18 2019"]
[Site "Bratislava"]
[Date "2019.08.10"]
[Round "9.21"]
[White "Golikov, Daniil"]
[Black "Tisaj, Domen"]
[Result "1-0"]
[ECO "A04"]
[WhiteElo "2257"]
[BlackElo "2232"]
[Annotator "NA"]
[PlyCount "53"]
[EventDate "2019.08.02"]
[EventType "swiss"]
[EventCountry "SVK"]
[SourceTitle "playchess.com"]
[Source "ChessBase"]
[SourceQuality "1"]
[TimeControl "40/5400+30:1800+30"]

1. Nf3 f5 2. g3 Nf6 3. Bg2 e6 4. O-O d5 5. c4 c6 6. d3 dxc4 7. dxc4 Qxd1 8. Rxd1 Nbd7 9. Nc3 Bc5 10. h3 O-O 11. Bf4 Ne4 12. Nxe4 fxe4 13. Nd2 Bxf2+ 14. Kxf2 e5 15. e3 Nc5 16. Nxe4 Nxe4+ 17. Bxe4 g5 18. Rd6 exf4 19. exf4 gxf4 20. g4 Re8 21. Re1 Kg7 22. Bd3 Rxe1 23. Kxe1 h5 24. Rd8 hxg4 25. hxg4 b6 26. Bf5 Bb7 27. Rd7+ 1-0

[Event "EYCC Open-U18 2019"]
[Site "Bratislava"]
[Date "2019.08.10"]
[Round "9.22"]
[White "Leisch, Lukas"]
[Black "Brozyna, Mateusz"]
[Result "1-0"]
[ECO "A06"]
[WhiteElo "2327"]
[BlackElo "2258"]
[Annotator "NA"]
[PlyCount "145"]
[EventDate "2019.08.02"]
[EventType "swiss"]
[EventCountry "SVK"]
[SourceTitle "playchess.com"]
[Source "ChessBase"]
[SourceQuality "1"]
[TimeControl "40/5400+30:1800+30"]

1. Nf3 d5 2. e3 Nf6 3. c4 c6 4. Nc3 e6 5. b3 Nbd7 6. Qc2 Bd6 7. Bb2 O-O 8. Be2 b6 9. Rg1 Qe7 10. g4 Ba3 11. g5 Ne8 12. Bxa3 Qxa3 13. Nd4 Bb7 14. f4 e5 15. fxe5 Nxe5 16. cxd5 cxd5 17. Qf5 Qe7 18. O-O-O Nd6 19. Qf6 Qxf6 20. gxf6 g6 21. d3 Rfe8 22. Kd2 Nd7 23. Rdf1 Red8 24. Bg4 Ne8 25. Bxd7 Rxd7 26. Rf4 Nc7 27. Rg3 Re8 28. Rh3 Ne6 29. Rfh4 h5 30. Nce2 Ng5 31. Rg3 Nh7 32. Rf4 Re5 33. h4 Rd6 34. Rgf3 a6 35. Rf1 Re8 36. Ng3 Bc8 37. Nge2 Bg4 38. Nc3 Nf8 39. Nc2 Ne6 40. R4f2 Rc8 41. Nb4 d4 42. Ne4 dxe3+ 43. Kxe3 Rd4 44. Nc2 Rd5 45. d4 a5 46. Rd2 Bf5 47. Rfd1 Re8 48. Nc3 Rd6 49. d5 Nc5+ 50. Kd4 Ne6+ 51. Ke5 Red8 52. Ne3 Nf8 53. Nxf5 gxf5 54. Kxf5 Ng6 55. Kg5 Re8 56. Re2 Rxe2 57. Nxe2 Nf8 58. Nc3 Nh7+ 59. Kxh5 Nxf6+ 60. Kg5 Kg7 61. Kf5 Nd7 62. Ne4 Rh6 63. Kg4 Rg6+ 64. Kf4 Rh6 65. Kg4 Rg6+ 66. Kf4 Rh6 67. Rh1 Rh5 68. d6 Rd5 69. h5 f5 70. h6+ Kh8 71. Ng5 Rd4+ 72. Kxf5 Rd5+ 73. Ke4 1-0

[Event "EYCC Open-U18 2019"]
[Site "Bratislava"]
[Date "2019.08.10"]
[Round "9.23"]
[White "Iliaguev, Nisim"]
[Black "Santryan, Davit"]
[Result "1-0"]
[ECO "E67"]
[WhiteElo "2357"]
[BlackElo "2167"]
[Annotator "NA"]
[PlyCount "75"]
[EventDate "2019.08.02"]
[EventType "swiss"]
[EventCountry "SVK"]
[SourceTitle "playchess.com"]
[Source "ChessBase"]
[SourceQuality "1"]
[TimeControl "40/5400+30:1800+30"]

1. d4 Nf6 2. c4 g6 3. g3 Bg7 4. Bg2 O-O 5. Nc3 d6 6. Nf3 Nbd7 7. O-O e5 8. b3 Re8 9. Bb2 exd4 10. Nxd4 a5 11. Qc2 c6 12. Rad1 Qc7 13. Ba3 Nc5 14. Ndb5 cxb5 15. Nxb5 Qb8 16. Nxd6 Re5 17. f4 Rh5 18. f5 Na6 19. e4 Nb4 20. Qe2 Qa7+ 21. Kh1 gxf5 22. exf5 Bd7 23. Bb2 Rh6 24. Qe7 Be8 25. Rf4 Nc6 26. Qe2 Kf8 27. g4 Rh4 28. Qe1 Rxg4 29. Bxf6 Rxg2 30. Kxg2 Bxf6 31. Re4 Be7 32. Nxe8 Rxe8 33. f6 Bxf6 34. Rxe8+ Kg7 35. Qg3+ Kh6 36. Qf4+ Kg7 37. Qg4+ Kh6 38. Rd3 1-0

[Event "EYCC Open-U18 2019"]
[Site "Bratislava"]
[Date "2019.08.10"]
[Round "9.24"]
[White "Hurdzan, Tomas"]
[Black "Oboladze, Luka"]
[Result "0-1"]
[ECO "B33"]
[WhiteElo "2231"]
[BlackElo "2323"]
[Annotator "NA"]
[PlyCount "76"]
[EventDate "2019.08.02"]
[EventType "swiss"]
[EventCountry "SVK"]
[SourceTitle "playchess.com"]
[Source "ChessBase"]
[SourceQuality "1"]
[TimeControl "40/5400+30:1800+30"]

1. e4 c5 2. Nf3 Nc6 3. d4 cxd4 4. Nxd4 Nf6 5. Nc3 e5 6. Ndb5 d6 7. Bg5 a6 8. Na3 b5 9. Nd5 Be7 10. Bxf6 Bxf6 11. c4 b4 12. Nc2 a5 13. g3 Be6 14. Bg2 O-O 15. O-O Rb8 16. Qd3 Bg5 17. Rad1 Qd7 18. b3 Bd8 19. Kh1 Qa7 20. f4 f6 21. Rfe1 Kh8 22. Qf1 a4 23. Bh3 Bxh3 24. Qxh3 axb3 25. axb3 Qa2 26. Qd7 Qxc2 27. Qxc6 exf4 28. Qxd6 Ba5 29. Qxf4 Qxb3 30. c5 Rbc8 31. Rc1 Qb2 32. Ne7 Ra8 33. Ra1 b3 34. Red1 Qe2 35. Nd5 Bd2 36. Qd6 Qxe4+ 37. Kg1 Qd4+ 38. Kg2 Rad8 0-1

[Event "EYCC Open-U18 2019"]
[Site "Bratislava"]
[Date "2019.08.10"]
[Round "9.26"]
[White "Chylewski, Patryk"]
[Black "Kotau, Arseni"]
[Result "1-0"]
[ECO "E91"]
[WhiteElo "2376"]
[BlackElo "2227"]
[Annotator "NA"]
[PlyCount "75"]
[EventDate "2019.08.02"]
[EventType "swiss"]
[EventCountry "SVK"]
[SourceTitle "playchess.com"]
[Source "ChessBase"]
[SourceQuality "1"]
[TimeControl "40/5400+30:1800+30"]

1. d4 Nf6 2. c4 g6 3. Nc3 Bg7 4. e4 d6 5. Nf3 O-O 6. Be2 Bg4 7. Be3 Nfd7 8. O-O Bxf3 9. Bxf3 Nc6 10. d5 Na5 11. Be2 c5 12. Rc1 a6 13. Qc2 Rb8 14. b3 Nf6 15. f4 Qd7 16. h3 b5 17. e5 Ne8 18. cxb5 axb5 19. e6 fxe6 20. Bg4 Nc7 21. dxe6 Qc8 22. Rcd1 Nc6 23. Ne4 Nb4 24. Qf2 Nbd5 25. Bc1 Nf6 26. Nxf6+ Bxf6 27. f5 Nxe6 28. Qe1 h5 29. Bf3 Bd4+ 30. Rxd4 Nxd4 31. Bd5+ e6 32. fxe6 Rxf1+ 33. Qxf1 Nf5 34. g4 c4 35. b4 hxg4 36. hxg4 Ng7 37. e7+ Kh7 38. Qf4 1-0

[Event "EYCC Open-U18 2019"]
[Site "Bratislava"]
[Date "2019.08.10"]
[Round "9.27"]
[White "Brinovec, David"]
[Black "Kozak, Antoni"]
[Result "0-1"]
[ECO "D00"]
[WhiteElo "2205"]
[BlackElo "2365"]
[Annotator "NA"]
[PlyCount "72"]
[EventDate "2019.08.02"]
[EventType "swiss"]
[EventCountry "SVK"]
[SourceTitle "playchess.com"]
[Source "ChessBase"]
[SourceQuality "1"]
[TimeControl "40/5400+30:1800+30"]

1. d4 d5 2. Bf4 c5 3. e3 Nc6 4. c3 Nf6 5. Nd2 cxd4 6. exd4 Bf5 7. Be2 e6 8. g4 Bg6 9. h4 h5 10. g5 Ne4 11. Qb3 Bd6 12. Nh3 Qc7 13. Bxd6 Qxd6 14. O-O-O O-O 15. Nxe4 Bxe4 16. Rhg1 g6 17. Rg3 Rab8 18. Bd3 Bxd3 19. Rdxd3 b5 20. Kb1 b4 21. Qd1 Ne7 22. Rgf3 Nf5 23. Nf4 bxc3 24. Rxc3 Rb4 25. Ne2 Nxh4 26. Rh3 Nf5 27. Qh1 Rfb8 28. b3 Nxd4 29. Nxd4 Rxd4 30. Rxh5 gxh5 31. Qxh5 Qe5 32. Rh3 Qe1+ 33. Kb2 Qd2+ 34. Kb1 Qe1+ 35. Kb2 Rd2+ 36. Ka3 Qc1+ 0-1